 Dungeon Crawl Stone Soup version 0.30-a0-760-g5a9884bb7c (webtiles) character file.

Game seed: 16243140580873435672

136 jimonade the Poker (level 5, -4/40 HPs)
             Began as a Merfolk Gladiator on Feb 12, 2023.
             Slain by a yak (5 damage)
             ... on level 3 of the Dungeon.
             The game lasted 00:04:46 (2776 turns).

jimonade the Poker (Merfolk Gladiator)              Turns: 2776, Time: 00:04:46

Health: -4/40      AC: 11    Str: 14    XL:     5   Next: 19%
Magic:  5/5        EV:  4    Int: 10    God:
Gold:   95         SH:  5    Dex: 15    Spells: 4/4 levels left

rFire   . . .      SeeInvis .    a - +0 trident
rCold   . . .      Faith    .    (no shield)
rNeg    . . .      Spirit   .    g - +0 plate armour
rPois   .          Reflect  +    c - +0 helmet
rElec   .          Harm     .    (no cloak)
rCorr   .          Rampage  .    (no gloves)
Will    .....                    (no boots) Stlth
                                 o - amulet of reflection
HPRegen 0.26/turn                (no ring)
MPRegen 0.09/turn                (no ring)

@: no status effects
A: (nimble swimmer 2), mertail
a: no special abilities


You were on level 3 of the Dungeon.
You visited 1 branch of the dungeon, and saw 4 of its levels.

You collected 95 gold pieces.

Inventory:

Hand Weapons
 a - a +0 trident (weapon)
 C - a +0 sling
Missiles
 d - 3 throwing nets (quivered)
 e - 4 javelins
 r - 14 stones
Armour
 b - a +0 leather armour
 c - a +0 helmet (worn)
 g - a +0 plate armour (worn)
Jewellery
 o - an amulet of reflection (around neck)
Wands
 u - a wand of charming (6)
Scrolls
 f - 3 scrolls of noise {unknown}
 k - a scroll of blinking {unknown}
 n - 4 scrolls of teleportation {unknown}
 p - 4 scrolls of identify {unknown}
 q - a scroll of magic mapping {unknown}
 v - a scroll of vulnerability {unknown}
 w - a scroll of poison {unknown}
 y - a scroll of enchant weapon {unknown}
 z - a scroll of fear {unknown}
 A - a scroll of enchant armour {unknown}
 B - a scroll of fog {unknown}
Potions
 h - a potion of attraction {unknown}
 i - 3 potions of mutation {unknown}
 j - a potion of invisibility {unknown}
 l - 2 potions of curing {unknown}
 m - a potion of flight {unknown}
 s - a potion of heal wounds {unknown}
 t - a potion of cancellation {unknown}
 x - a potion of might {unknown}
 D - a potion of resistance {unknown}


   Skills:
 + Level 2.8 Fighting
 * Level 6.6 Polearms
 + Level 2.0 Throwing
 + Level 0.6 Armour
 + Level 4.4 Dodging
 + Level 0.1 Shields


You had 4 spell levels left.
You didn't know any spells.
Your spell library was empty.

Dungeon Overview and Level Annotations

Branches:
Dungeon (4/15)
 Temple: D:4-7

Altars:
Zin

Shops:
D:2 !


Innate Abilities, Weirdness & Mutations

((You are very nimble when in or above water. (Stealth+, EV+, Speed+++)))
Your lower body shifts to a powerful aquatic tail in water.


Message History

You reach to attack!
You hit the yak.
The yak is lightly wounded.
The yak gores you.
You climb upwards.
There is a stone staircase leading down here.
You hit the yak.
The yak is lightly wounded.
The yak gores you but does no damage.
You hit the yak.
The yak is moderately wounded.
The yak gores you!
You hit the yak.
The yak is moderately wounded.
The yak gores you!
You are too injured to fight recklessly!
You are too injured to fight recklessly!
You hit the yak.
The yak is heavily wounded.
The yak gores you but does no damage.
You hit the yak.
The yak is heavily wounded.
The yak gores you!
* * * LOW HITPOINT WARNING * * *
You hit the yak.
The yak is heavily wounded.
The yak gores you but does no damage.
You hit the yak.
The yak is severely wounded.
The yak gores you but does no damage.
You hit the yak.
The yak is severely wounded.
The yak completely misses you.
You barely miss the yak.
The yak is severely wounded.
The yak gores you!
* * * LOW HITPOINT WARNING * * *
You hit the yak but do no damage.
The yak is severely wounded.
The yak gores you.
You die...

#.# #.# #.#.###.## #.# #.#
#........## #.# #####.#####
###'####... #.# #.........#
##...#####. ##.# #.###.###.#
##.....##### #..##
#.###..##.###...........
....######.##....#.##........≈≈≈≈
...............Y....'..........≈≈
....##.###.##...@#.##....^...8...
#.#.##.##..........###.........≈≈
#.#.##.##.###.##.### ##......≈≈≈≈
....##.##.# #.##.# ##...#.....
#.####.##.###.##.# ##'....###
#.####.##>##..##.# #############
#......##.##.###.# #...8.......#
#########........###........8⌠.#
# #..#)#.......########8.#


You could see a yak.

Vanquished Creatures
  A hound (D:3)
  3 adders (D:3)
  2 dart slugs (D:4)
  An orc (D:3)
  6 ball pythons
  8 bats
  11 endoplasms
  6 giant cockroaches
  3 hobgoblins (D:1)
  6 kobolds
  3 quokkas
  3 frilled lizards
  8 goblins
  6 rats
67 creatures vanquished.

Notes
Turn   | Place    | Note
-------+----------+-------------------------------------------
     0 | D:1      | jimonade the Merfolk Gladiator began the quest for the Orb.
     0 | D:1      | Reached XP level 1. HP: 16/16 MP: 1/1
   104 | D:1      | Reached XP level 2. HP: 21/22 MP: 2/2
   285 | D:1      | Reached skill level 5 in Polearms
   285 | D:1      | Reached XP level 3. HP: 27/28 MP: 3/3
  1005 | D:2      | Found Luawen's Distillery.
  1418 | D:3      | Reached XP level 4. HP: 34/34 MP: 4/4
  1429 | D:3      | Reached skill level 6 in Polearms
  1442 | D:3      | Found a glowing silver altar of Zin.
  1511 | D:3      | Identified the +1 scale mail of Watchfulness {Contam rN+
                  | Stlth+}
  2456 | D:3      | Reached XP level 5. HP: 28/40 MP: 5/5
  2659 | D:4      | Noticed a centaur
  2737 | D:4      | Noticed a yak
  2737 | D:4      | Noticed a yak
  2737 | D:4      | Noticed a yak
  2775 | D:3      | HP: 1/40 [yak (8)]
  2776 | D:3      | Slain by a yak

Illustrated notes

Levels and vault maps discovered:
D:1:      dpeg_arrival_lava_altar, layout_basic, minmay_misc_feat_diagonals,
          minmay_indecisive_spiral
D:2:      layout_loops_ring, serial_shops, shop
D:3:      layout_loops_corners, mainiacjoe_overflow_catwalk,
          chequers_decorated_corner
D:4:      layout_cave_pools

Skill      XL: |  1  2  3  4 |
---------------+-------------+-----
Polearms       | 5 6 |  6.6
Fighting       | |  2.8
Throwing       | |  2.0
Armour         | |  0.6
Dodging        | |  4.4
Shields        | |  0.1

Action                     |  1- 3 |  4- 6 || total
---------------------------+-------+-------++-------
  Melee: Trident           |   142 |    97 ||   239
 Armour: Leather armour    |     5 |       ||     5
         Plate armour      |    60 |    52 ||   112
  Dodge: Dodged            |    33 |    11 ||    44
  Block: Other             |     3 |    11 ||    14
         Reflection        |       |     2 ||     2

Table legend: (Time is in decaauts)
 A = Elapsed time spent in this place.
 B = Non-inter-level travel time spent in this place.
 C = Inter-level travel time spent in this place.
 D = Time resting spent in this place.
 E = Time spent auto-exploring this place.
 F = Levels seen in this place.
 G = Mean time per level.
                   A        B        C        D        E       F      G
               +--------+--------+--------+--------+--------+-----+--------+
         Total |   2781 |   2572 |    209 |    145 |   1894 |   4 |  695.2 |
       Dungeon |   2781 |   2572 |    209 |    145 |   1894 |   4 |  695.2 |
               +--------+--------+--------+--------+--------+-----+--------+

Top non-repeatable levels by time:
     D:3: 1258 daAuts
     D:1: 735 daAuts
     D:2: 626 daAuts
     D:4: 162 daAuts
